AoeStats
← audi

Arabia

510160990Analyzed
3v3 RM · 2d ago on Sep 29, 2026· 39m 32s· 6 players
Game mode
Random Map
Map size
Normal (6 player)
Population
200
Speed
Normal
Resources
Standard
Victory
Conquest
Starting age
Dark Age
Ending age
Imperial Age
RankedLock teamsTeams togetherTeam positionsShared explorationLock speedFull tech treeHidden civsTurbo modeCheats
Victory
Defeat
🇹🇷 Ethiopians · Türkiye
1155
+15
🇹🇷 Varangians · Türkiye
1143
+15
🇹🇷 Celts · Türkiye
1119
+16
🇨🇱 Vietnamese · Chile
1169
-17
🇨🇱 Slavs · Chile
1131
-16
🇨🇱 Inca · Chile
1066
-13
veranodel92
0:50 Loom
11:58 Feudal Age
12:31 Double-Bit Axe
12:27 Horse Collar
21:39 Castle Age
19:56 Fletching
20:41 Padded Archer Armor
22:30 Bodkin Arrow
30:08 Wheelbarrow
32:25 Leather Archer Armor
33:10 Heavy Plow
33:24 Bow Saw
33:53 Ballistics
36:33 Imperial Age
34:49 Thumb Ring
38:19 Chemistry
37:21 Bracer
38:47 Ring Archer Armor
Meowl
2:40 Loom
9:36 Feudal Age
11:10 Double-Bit Axe
17:24 Horse Collar
21:12 Castle Age
21:21 Elite Skirmisher
21:59 Fletching
23:37 Pikeman
24:18 Squires
27:32 Wheelbarrow
28:00 Bodkin Arrow
32:38 Heavy Plow
32:49 Bow Saw
Sebanstein
7:45 Loom
9:48 Feudal Age
11:31 Man-at-Arms
14:22 Double-Bit Axe
14:18 Horse Collar
20:57 Fletching
23:36 Town Watch
27:54 Castle Age
28:23 Elite Skirmisher
29:42 Bodkin Arrow
29:59 Padded Archer Armor
Janissaryyy
0:46 Loom
11:24 Feudal Age
15:36 Fletching
16:27 Padded Archer Armor
17:05 Wheelbarrow
16:15 Town Watch
21:41 Double-Bit Axe
21:38 Horse Collar
27:26 Castle Age
26:02 Gold Mining
28:06 Bodkin Arrow
27:33 Crossbowman
28:18 Thumb Ring
30:44 Ballistics
31:14 Leather Archer Armor
37:33 Hand Cart
37:18 Town Patrol
37:58 Gold Shaft Mining
40:09 Bow Saw
40:02 Heavy Plow
audi
4:16 Loom
9:22 Feudal Age
10:14 Double-Bit Axe
18:21 Horse Collar
19:51 Wheelbarrow
19:37 Forging
19:34 Scale Barding Armor
23:17 Castle Age
24:05 Husbandry
23:27 Light Cavalry
25:00 Town Watch
29:57 Iron Casting
29:45 Heavy Plow
29:55 Gold Mining
30:49 Bow Saw
31:52 Chain Barding Armor
32:15 Hand Cart
33:21 Stone Mining
36:40 Town Patrol
Timber
7:17 Loom
10:55 Feudal Age
11:31 Double-Bit Axe
13:19 Horse Collar
15:14 Forging
22:07 Castle Age
21:12 Scale Barding Armor
22:20 Bloodlines
24:20 Bow Saw
24:28 Husbandry
24:40 Heavy Plow
24:33 Gold Mining
25:08 Stone Mining
25:37 Husbandry
28:43 Wheelbarrow
28:47 Iron Casting
29:15 Stone Shaft Mining
30:28 Town Watch
33:42 Chain Barding Armor
40:10 Imperial Age
39:29 Ballistics
40:05 Hand Cart
Connection lost

Rejoining the realm…

Still unreachable

The connection could not be restored.

Session expired

The server has moved on; the page needs a fresh start.